 Dungeon Crawl Stone Soup version 0.28-a0-723-g095bd1b44f (webtiles) character file.

Game seed: 3746846284671752867

18 flotson the Sneak (level 2, 0/23 (24) HPs)
             Began as a Demonspawn Delver on Oct 25, 2021.
             Slain by an orc (4 damage)
             ... on level 5 of the Dungeon.
             The game lasted 00:01:35 (270 turns).

flotson the Sneak (Demonspawn Delver)                Turns: 270, Time: 00:01:36

HP:   0/23 (24)     AC:  5    Str: 12    XL:     2   Next: 48%
MP:   2/2           EV: 11    Int: 11    God:
Gold: 15            SH:  4    Dex: 14    Spells: 1/1 levels left

rFire   . . .      SeeInvis .   a - +0 hand axe
rCold   . . .      Faith    .   (no shield)
rNeg    . . .      Spirit   .   f - +0 ring mail
rPois   .          Reflect  .   (no helmet)
rElec   .          Harm     .   (no cloak)
rCorr   .          Rampage  .   (no gloves)
Will    .....                   (no boots)
Stlth   ++........              (no amulet)
HPRegen 0.07/turn               (no ring)
MPRegen 0.08/turn               (no ring)

@: lightly drained
A: condensation shield
a: no special abilities


You were on level 5 of the Dungeon.
You visited 1 branch of the dungeon, and saw 1 of its levels.

You collected 15 gold pieces.

Inventory:

Hand Weapons
 a - a +0 hand axe (weapon)
 e - a +1 war axe of flaming
Missiles
 b - 4 boomerangs (quivered)
Armour
 f - a +0 ring mail (worn)
Wands
 g - a wand of digging (3)
Scrolls
 d - a scroll of magic mapping


   Skills:
 + Level 3.2 Fighting
 + Level 2.1 Axes
 + Level 0.7 Armour
 + Level 2.1 Dodging
 - Level 4.5 Stealth


You had one spell level left.
You didn't know any spells.
Your spell library was empty.

Dungeon Overview and Level Annotations

Branches:
Dungeon (5/15)
 Temple: D:4-7

Altars:

Annotations:
D:5 Edmund


Innate Abilities, Weirdness & Mutations

A meltable shield of frost defends you. (SH +4)


Message History

Deactivating autopickup; reactivate with Ctrl-A.
As you read the scroll of fear, it crumbles to dust.
You assume a fearsome visage.
The orc looks frightened! x3
Unknown command.
Edmund the Younger comes into view.
He is wielding a +4 flail of draining.
You see here 4 boomerangs.
b - 4 boomerangs
Found a runed war axe.
Found 8 arrows.
Edmund shouts!
You see here a +1 war axe of flaming.
e - a +1 war axe of flaming The iguana bites you!
* * * LOW HITPOINT WARNING * * *
Okay, then.
Unknown command.
Unknown command.
You aren't carrying any potions.
Unknown command.
Unknown command.
The iguana hisses menacingly.
Found a stone staircase leading down.
Found a dagger.
An orc comes into view. It is wielding a +0 club.
You see here a +0 dagger.
An orc wizard comes into view. It is wielding a +0 dagger.
The orc shouts!
You hear a shout! x2
As you read the scroll of fog, it crumbles to dust.
The scroll dissolves into smoke.
An orc comes into view. It is wielding a +0 club.
Edmund hits you with a +4 flail of draining.
* * * LOW HITPOINT WARNING * * *
You feel drained.
* * * LOW HITPOINT WARNING * * *
An orc priest comes into view. It is wielding a +0 trident.
The orc wizard closely misses you. The orc barely misses you. x2
There is a stone staircase leading down here.
You see here a +0 dagger.
You open the door. The orc hits you with a +0 club.
You die...

#### #########
#..# #...l§§§#
#..# #.#####o#.
#..###.#...l§§o
#..'.o.o>#§#§#§#
#.@###.#.#.#.#.#
#.o# #.#.#...# #
#.@###.#.###.#
#....@.#.#####.#
########.......#
#...#...########
#.#.#l#.#
#.#.#.#.#
#.....#.#


You could see Edmund, an orc priest and 2 orcs.

Vanquished Creatures
  A hound skeleton (D:5)
  4 jackals (D:5)
5 creatures vanquished.

Notes
Turn   | Place    | Note
-------+----------+-------------------------------------------
     0 | D:5      | flotson the Demonspawn Delver began the quest for the Orb.
     0 | D:5      | Reached XP level 1. HP: 18/18 MP: 1/1
    10 | D:5      | Noticed an iguana
    26 | D:5      | Gained mutation: A meltable shield of frost defends you.
                  | (SH +4) [demonic ancestry]
    26 | D:5      | Reached XP level 2. HP: 11/24 MP: 2/2
    54 | D:5      | Noticed an ogre
   214 | D:5      | Noticed Edmund
   270 | D:5      | Slain by an orc

Illustrated notes

Levels and vault maps discovered:
D:5:      layout_basic, lemuel_temple_firewalk_b, uniq_edmund

Skill      XL: |  1 |
---------------+----+-----
Axes           | 2 |  2.1
Dodging        | 2 |  2.1
Fighting       | |  3.2
Armour         | |  0.7
Stealth        | |  4.5

Action                   || total
-------------------------++-------
Melee: Hand axe          ||    24
  Use: Potion            ||     1
       Scroll            ||     2
Armor: Leather armour    ||     4
Dodge: Dodged            ||    15

Table legend: (Time is in decaauts)
 A = Elapsed time spent in this place.
 B = Non-inter-level travel time spent in this place.
 C = Inter-level travel time spent in this place.
 D = Time resting spent in this place.
 E = Time spent auto-exploring this place.
 F = Levels seen in this place.
 G = Mean time per level.
                   A        B        C        D        E       F      G
               +--------+--------+--------+--------+--------+-----+--------+
         Total |    257 |    257 |      0 |    120 |      0 |   1 |  257.0 |
       Dungeon |    257 |    257 |      0 |    120 |      0 |   1 |  257.0 |
               +--------+--------+--------+--------+--------+-----+--------+

Top non-repeatable levels by time:
     D:5: 257 daAuts
